 Dungeon Crawl Stone Soup version 0.30-a0-1160-g6e42c06551 (webtiles) character file.

Game seed: 14344796817267323194

93 AleXD21137 the Ruffian (level 4, -2/40 HPs)
             Began as a Ghoul Monk on Apr 26, 2023.
             Was a Believer of Makhleb.
             Slain by Terence
             ... wielding a +0 flail
              (9 damage)
             ... on level 3 of the Dungeon.
             The game lasted 00:05:18 (1846 turns).

AleXD21137 the Ruffian (Ghoul Monk)                 Turns: 1846, Time: 00:05:19

Health: -2/40      AC:  3    Str: 14    XL:     4   Next: 62%
Magic:  3/3        EV: 12    Int:  7    God:    Makhleb [**....]
Gold:   87         SH:  0    Dex: 11    Spells: 3/3 levels left

rFire   . .          .
                       - Unarmed
rCold   + . .        c - orb {light}
rNeg    + + +        a - +0 robe
rPois   ∞            (no helmet)
rElec   .            l - +0 cloak
rCorr   .            (no gloves)
SInv    .            (no boots)
Will    .....        (no amulet)
Stlth   +            (no ring)
HPRegen 0.00/turn    (no ring)
MPRegen 0.08/turn

%: no passive effects
@: inhibited regen, glowing
A: claws 1, cold resistance 1, negative energy resistance 3, inhibited
regeneration, torment resistance 2, devour on kill
a: Renounce Religion, Minor Destruction


You were on level 3 of the Dungeon.
You worshipped Makhleb.
Makhleb was pleased with you.
You visited 1 branch of the dungeon, and saw 3 of its levels.

You collected 87 gold pieces.

Inventory:

Armour
 a - a +0 robe (worn)
 c - an orb of light (worn)
 l - a +0 cloak (worn)
Scrolls
 d - a scroll of enchant weapon {unknown}
 e - a scroll of poison
 g - a scroll of magic mapping {unknown}
 h - a scroll of identify {unknown}
 k - a scroll of vulnerability {unknown}
Potions
 b - a potion of ambrosia
 f - a potion of haste {unknown}
 i - a potion of brilliance {unknown}
 j - 2 potions of heal wounds {unknown}
 m - 3 potions of flight {unknown}


   Skills:
 + Level 4.0 Fighting
 + Level 3.3 Dodging
 + Level 0.1 Stealth
 + Level 4.7 Unarmed Combat


You had 3 spell levels left.
You didn't know any spells.
Your spell library was empty.

Dungeon Overview and Level Annotations

Branches:
Dungeon (3/15)

Altars:
Makhleb

Annotations:
D:3 Terence


Innate Abilities, Weirdness & Mutations

You are immune to poison.
You have sharp fingernails.
Your flesh is cold resistant. (rC+)
You are immune to negative energy. (rN+++)
You do not regenerate when monsters are visible.
You are immune to unholy pain and torment.
You thrive by killing the living.


Message History

You see here a +0 dagger.
Terence and a rat come into view.
Terence is wielding a +0 flail and wearing a +1 scale mail of willpower.
Terence shouts!
There is a burning altar of Makhleb here.
Things that are here:
a +0 whip; a +0 robe Terence barely misses you.
Terence attacks as you move away! Terence hits you with a +0 flail!
The rat closely misses you.
You barely miss Terence. Terence hits you with a +0 flail. The rat bites you.
You completely miss Terence. Terence barely misses you.
The rat bites you but does no damage.
You scratch Terence but do no damage. You scratch Terence.
Terence is lightly wounded.
Terence closely misses you. The rat bites you.
You scratch Terence.
Terence is moderately wounded.
Terence closely misses you. The rat closely misses you.
You scratch Terence but do no damage.
Terence is moderately wounded.
Terence misses you. The rat bites you.
You scratch Terence but do no damage.
Terence is moderately wounded.
Terence hits you with a +0 flail. The rat bites you.
You scratch Terence.
Terence is moderately wounded.
Terence hits you with a +0 flail.
* * * LOW HITPOINT WARNING * * *
The rat barely misses you.
You scratch Terence but do no damage.
Terence is moderately wounded.
Terence hits you with a +0 flail.
* * * LOW HITPOINT WARNING * * *
The rat completely misses you.
You scratch Terence.
Terence is heavily wounded.
Terence hits you with a +0 flail!
You die...

#.........#
#...=.....#
#.........#
#.........#
#.........#
##.......##
#.........#
#.........# #....#
#.....@...## #....#
#.....@r...####
#.....
#.<...........# #@r..
##.......###..##
#...#.
##............###..
#.
####.....<.....#.###.
#...........#.#...
#..._.........####
#.........##..~≈≈≈


You could see Terence and a rat.

Vanquished Creatures
  4 adders
  A worm (D:2)
  A dart slug (D:2)
  An orc (D:3)
  2 ball pythons (D:3)
  3 bats
  An endoplasm (D:2)
  3 giant cockroaches
  5 goblins
  4 jackals (D:2)
  4 quokkas
  A frilled lizard (D:2)
  5 kobolds
  22 rats
57 creatures vanquished.

Notes
Turn   | Place    | Note
-------+----------+-------------------------------------------
     0 | D:1      | AleXD21137 the Ghoul Monk began the quest for the Orb.
     0 | D:1      | Reached XP level 1. HP: 19/19 MP: 0/0
   391 | D:1      | Reached XP level 2. HP: 25/26 MP: 1/1
   717 | D:2      | Reached XP level 3. HP: 33/33 MP: 2/2
  1189 | D:2      | Reached XP level 4. HP: 20/40 MP: 3/3
  1751 | D:3      | Found a burning altar of Makhleb.
  1761 | D:3      | Became a worshipper of Makhleb the Destroyer
  1761 | D:3      | Reached * piety under Makhleb
  1761 | D:3      | Reached ** piety under Makhleb
  1816 | D:3      | Noticed Terence
  1846 | D:3      | Slain by Terence

Illustrated notes

Levels and vault maps discovered:
D:1:      minmay_arrival_checkered_box, layout_loops_cross
D:2:      layout_basic, minmay_rat_hole
D:3:      layout_rooms, gammafunk_temple_overflow_arena, bloody_makhleb,
          grunt_decor_cap, serial_park_tiny_1, uniq_terence

Skill      XL: |  1  2  3  4 |
---------------+-------------+-----
Dodging        | 3 |  3.3
Unarmed Combat | 4 |  4.7
Fighting       | 4 |  4.0
Stealth        | |  0.1

Action                     |  1- 3 |  4- 6 || total
---------------------------+-------+-------++-------
  Melee: Unarmed           |   116 |    35 ||   151
    Use: Scroll            |       |     1 ||     1
 Armour: Robe              |    11 |    12 ||    23
  Dodge: Dodged            |    77 |    33 ||   110

Table legend: (Time is in decaauts)
 A = Elapsed time spent in this place.
 B = Non-inter-level travel time spent in this place.
 C = Inter-level travel time spent in this place.
 D = Time resting spent in this place.
 E = Time spent auto-exploring this place.
 F = Levels seen in this place.
 G = Mean time per level.
                   A        B        C        D        E       F      G
               +--------+--------+--------+--------+--------+-----+--------+
         Total |   1833 |   1744 |     89 |      0 |    899 |   3 |  611.0 |
       Dungeon |   1833 |   1744 |     89 |      0 |    899 |   3 |  611.0 |
               +--------+--------+--------+--------+--------+-----+--------+

Top non-repeatable levels by time:
     D:2: 935 daAuts
     D:1: 607 daAuts
     D:3: 290 daAuts
